 Dungeon Crawl Stone Soup version 0.30-a0-830-gfe289a77b0 (webtiles) character file.

Game seed: 14184214156379609937

970 zenocrate the Cleaver (level 7, -8/53 (57) HPs)
             Began as a Minotaur Monk on Feb 28, 2023.
             Was a Believer of Makhleb.
             Mangled by a wight
             ... wielding a +4 war axe
              (12 damage)
             ... on level 4 of the Dungeon.
             The game lasted 00:06:02 (4978 turns).

zenocrate the Cleaver (Minotaur Monk)               Turns: 4978, Time: 00:06:03

HP:   -8/53 (57)    AC:  6    Str: 18    XL:     7   Next: 94%
MP:   6/6           EV: 12    Int:  7    God:    Makhleb [**....]
Gold: 87            SH:  0    Dex: 12    Spells: 6/6 levels left

rFire   + . .      SeeInvis .    b - +0 triple crossbow
rCold   . . .      Faith    .    (shield currently unavailable)
rNeg    . . .      Spirit   .    q - +0 robe "Hallyqe" {Will+ rCorr}
rPois   .          Reflect  .    (helmet restricted)
rElec   .          Harm     .    o - +1 cloak
rCorr   +          Rampage  .    s - +0 pair of gloves
Will    +....                    g - +0 pair of boots
Stlth   ++                       (no amulet)
HPRegen 0.28/turn                e - ring of protection from fire
MPRegen 0.10/turn                (no ring)

@: drained
A: horns 2, retaliatory headbutt
a: Renounce Religion, Minor Destruction


You were on level 4 of the Dungeon.
You worshipped Makhleb.
Makhleb was pleased with you.
You visited 2 branches of the dungeon, and saw 7 of its levels.

You collected 367 gold pieces.
You spent 280 gold pieces at shops.

Inventory:

Hand Weapons
 a - a +0 hand axe
 b - a +0 triple crossbow (weapon)
Armour
 g - a +0 pair of boots (worn)
 i - a +0 scale mail
 o - a +1 cloak (worn)
 q - the +0 robe "Hallyqe" (worn) {Will+ rCorr}
   (You found it on level 3 of the Dungeon)

   rCorr:     It protects you from acid and corrosion.
   Will:      It increases your willpower.
 s - a +0 pair of gloves (worn)
Jewellery
 e - a ring of protection from fire (left hand)
Wands
 z - a wand of mindburst (8)
Scrolls
 l - 2 scrolls of teleportation {unknown}
 m - a scroll of enchant armour {unknown}
 n - 2 scrolls of immolation
 u - a scroll of poison {unknown}
 w - 2 scrolls of identify {unknown}
 x - a scroll of fog {unknown}
 y - a scroll of summoning {unknown}
 A - a scroll of vulnerability {unknown}
 C - a scroll of silence {unknown}
Potions
 c - 4 potions of ambrosia
 d - 2 potions of heal wounds
 f - 2 potions of might {unknown}
 h - 3 potions of curing {unknown}
 j - a potion of attraction {unknown}
 k - 4 potions of brilliance {unknown}
 p - a potion of magic {unknown}
 r - a potion of degeneration {unknown}
 t - a potion of haste {unknown}
 v - 2 potions of cancellation {unknown}
 B - a potion of berserk rage {unknown}


   Skills:
 - Level 3.6 Fighting
 + Level 11.5 Axes
 - Level 3.2 Dodging
 - Level 1.5 Stealth


You had 6 spell levels left.
You didn't know any spells.
Your spell library contained the following spells:

 Spells                   Type           Power      Damage    Failure   Level
 Hailstorm                Conj/Ice       0%         3d3       80%         3
 Inner Flame              Hex/Fire       0%         N/A       80%         3
 Flame Wave               Conj/Fire      0%         2d4       99%         4
 Ice Form                 Ice/Tmut       0%         N/A       99%         4
 Sticky Flame             Conj/Fire      0%         2d3       99%         4
 Summon Ice Beast         Ice/Summ       0%         N/A       99%         4
 Summon Mana Viper        Hex/Summ       0%         N/A       100%        5
 Simulacrum               Ice/Necr       0%         N/A       100%        6
 Monstrous Menagerie      Summ           0%         N/A       100%        7


Dungeon Overview and Level Annotations

Branches:
Dungeon (6/15)             Temple (1/1) D:6

Altars:
Ashenzari
Dithmenos
Elyvilon
Gozag
Kikubaaqudgha
Makhleb
Nemelex Xobeh
Sif Muna
Trog
Xom

Shops:
D:2 (


Innate Abilities, Weirdness & Mutations

You have a pair of horns on your head.
You reflexively headbutt those who attack you in melee.


Message History

The bolt hits the wight but does no damage.
The wight is moderately damaged.
The wight barely misses you.
A wight comes into view. It is wielding a +5 scimitar.
The wight closely misses you.
The orc wizard hits you but does no damage.
You shoot a bolt.
The bolt hits the wight but does no damage.
The wight is moderately damaged.
The orc wizard hits you with a +0 dagger.
The orc wizard mumbles some strange words.
The orc wizard flickers and vanishes!
Deactivating autopickup; reactivate with Ctrl-A.
The wight barely misses you. The wight hits you with a +4 war axe!
You feel drained. Something hits you but does no damage.
The orc wizard hits you but does no damage.
The orc wizard hits you but does no damage.
The wight hits you with a +4 war axe! Something hits you but does no damage.
You climb upwards.
Reactivating autopickup.
There is a stone staircase leading down here.
You shoot a bolt. The bolt closely misses the wight.
The orc wizard hits you with a +0 dagger.
The wight hits you with a +4 war axe!
You feel drained. Something hits you but does no damage.
Deactivating autopickup; reactivate with Ctrl-A.
The orc wizard mumbles some strange words.
The orc wizard flickers and vanishes!
The wight hits you with a +4 war axe. Something completely misses you.
You are too injured to fight recklessly!
You are too injured to fight recklessly!
You shoot a bolt. Something hits you. The wight hits you with a +4 war axe!
* * * LOW HITPOINT WARNING * * *
Something hits you but does no damage. Something hits you.
* * * LOW HITPOINT WARNING * * *
The wight misses you. Something hits you but does no damage.
Something hits you.
* * * LOW HITPOINT WARNING * * *
The wight hits you with a +4 war axe!
You die...

#.#....#######.#.#
#.#............#.#
#.##.....#######.#
#..............#.#
########.##......#.#
....####.#######.#.#
+##....(..######.#.#
≈≈##.###.......{.#.#
≈≈+..# #.#######@..##
≈≈#### #.......z.{<.#
§## #............#
..# #............#
#.######............#
#...#...............#
....#...............#
##..#..###.###......#
..#.(##...#...#.....#


You could see a wight.

Vanquished Creatures
  A wyvern (D:4)
  A water moccasin (D:4)
  An ice beast (D:6)
  An ogre (D:6)
  A scorpion (D:4)
  A necrophage (D:3)
  2 orc priests
  A hound (D:6)
  4 orc wizards
  An iguana (D:6)
  12 adders
  A river rat (D:6)
  2 shadow imps (D:6)
  2 worms
  11 orcs
  5 bats
  6 endoplasms
  2 giant cockroaches
  2 goblins
  4 hobgoblins
  2 jackals (D:4)
  2 quokkas
  7 ball pythons
  A frilled lizard (D:2)
  12 kobolds
  8 rats
93 creatures vanquished.

Notes
Turn   | Place    | Note
-------+----------+-------------------------------------------
     0 | D:1      | zenocrate the Minotaur Monk began the quest for the Orb.
     0 | D:1      | Reached XP level 1. HP: 19/19 MP: 0/0
   122 | D:1      | Reached skill level 4 in Axes
   305 | D:1      | Reached XP level 2. HP: 26/26 MP: 1/1
   861 | D:2      | Reached skill level 5 in Axes
   900 | D:2      | Reached XP level 3. HP: 29/31 MP: 2/2
  1079 | D:2      | Found Bitrom Raulo's Antique Weapon Shoppe.
  1648 | D:3      | Reached skill level 6 in Axes
  1648 | D:3      | Reached XP level 4. HP: 39/39 MP: 3/3
  1922 | D:3      | Found a bloodstained altar of Trog.
  1933 | D:3      | Found an opulent altar of Gozag.
  2061 | D:3      | Reached skill level 7 in Axes
  2061 | D:3      | Reached XP level 5. HP: 42/45 MP: 4/4
  2066 | D:3      | Identified the +0 robe "Hallyqe" {Will+ rCorr}
  2402 | D:3      | Reached skill level 8 in Axes
  2691 | D:4      | Reached XP level 6. HP: 44/51 MP: 5/5
  2994 | D:4      | Noticed a water moccasin
  3004 | D:4      | Killed a water moccasin
  3005 | D:4      | Reached skill level 9 in Axes
  3526 | D:4      | You fall into a shaft and drop 2 floors!
  3542 | D:6      | Reached XP level 7. HP: 52/57 MP: 6/6
  3544 | D:6      | Found a staircase to the Ecumenical Temple.
  3840 | D:6      | Reached skill level 10 in Axes
  4440 | Temple   | Entered the Ecumenical Temple
  4445 | Temple   | Became a worshipper of Makhleb the Destroyer
  4445 | Temple   | Reached * piety under Makhleb
  4445 | Temple   | Reached ** piety under Makhleb
  4483 | D:6      | Found a shadowy altar of Dithmenos.
  4518 | D:5      | Entered Level 5 of the Dungeon
  4518 | D:5      | Noticed a wyvern
  4534 | D:4      | Killed a wyvern
  4535 | D:4      | Reached skill level 11 in Axes
  4724 | D:4      | Found a broken altar of Ashenzari.
  4883 | D:2      | Bought a triple crossbow for 280 gold pieces
  4978 | D:4      | Mangled by a wight

Illustrated notes

Levels and vault maps discovered:
D:1:      nicolae_arrival_memento_mori, layout_basic
D:2:      layout_loops_corners, serial_shops, nicolae_shop_statue_plus,
          st_stairs_14, amcnicky_mini_pool_small, grunt_decor_resistance,
          minmay_misc_feat_nine_boxes
D:3:      minmay_diamond_boxcup, layout_loops_cross, bloody_trog,
          mainiacjoe_overflow_concentric_impassable
D:4:      layout_basic, ashenzari_altar_1, hangedman_decor_diamond_cutter,
          minmay_liquid_box, nicolae_titane
D:5:      layout_basic, nicolae_ru_the_path_less_chosen,
          pdpol_wu_jian_five_deadly_venoms
D:6:      layout_loops_cross, grunt_dithmenos_shadows,
          minmay_temple_entry_slanted, portal_sewer_entry_e
Temple:   hellmonk_temple_micro_hex

Skill      XL: |  1  2  3  4  5  6  7 |
---------------+----------------------+-----
Axes           | 4 5 6 7 8 9 11 | 11.5
Fighting       | |  3.6
Dodging        | |  3.2
Stealth        | |  1.5

Action                     |  1- 3 |  4- 6 |  7- 9 || total
---------------------------+-------+-------+-------++-------
  Melee: Hand axe          |    81 |   127 |    73 ||   281
         Headbutt          |    15 |    22 |    20 ||    57
         Punch             |       |     1 |     2 ||     3
   Fire: Triple crossbow   |       |       |     4 ||     4
    Use: Potion            |       |       |     2 ||     2
         Scroll            |       |       |     1 ||     1
   Stab: Sleeping          |     3 |     3 |     3 ||     9
 Armour: Robe              |    19 |    26 |    25 ||    70
         Scale mail        |     7 |    21 |       ||    28
  Dodge: Dodged            |    51 |    57 |    40 ||   148

Table legend: (Time is in decaauts)
 A = Elapsed time spent in this place.
 B = Non-inter-level travel time spent in this place.
 C = Inter-level travel time spent in this place.
 D = Time resting spent in this place.
 E = Time spent auto-exploring this place.
 F = Levels seen in this place.
 G = Mean time per level.
                   A        B        C        D        E       F      G
               +--------+--------+--------+--------+--------+-----+--------+
         Total |   4967 |   4562 |    405 |      0 |   3752 |   7 |  709.6 |
       Dungeon |   4957 |   4553 |    404 |      0 |   3752 |   6 |  826.2 |
        Temple |     10 |     10 |      0 |      0 |      0 |   1 |   10.0 |
               +--------+--------+--------+--------+--------+-----+--------+

Top non-repeatable levels by time:
     D:4: 1261 daAuts
     D:2: 1001 daAuts
     D:3: 974 daAuts
     D:6: 969 daAuts
     D:1: 734 daAuts
     D:5: 16 daAuts
  Temple: 10 daAuts
